 Dungeon Crawl Stone Soup version 0.30.0-29-ga12c61a403 (webtiles) character file.

Game seed: 11971215626940538231

18 cheesebisquit the Grasshopper (level 2, 0/25 HPs)
             Began as an Armataur Warper on June 11, 2023.
             Slain by a hobgoblin (3 damage)
             ... on level 1 of the Dungeon.
             The game lasted 00:02:15 (287 turns).

cheesebisquit the Grasshopper (Armataur Warper)      Turns: 287, Time: 00:02:15

Health: 0/25       AC:  4    Str: 16    XL:     2   Next: 48%
Magic:  4/4        EV:  9    Int: 13    God:
Gold:   12         SH:  0    Dex:  9    Spells: 4/4 levels left

rFire   . . .        a - +0 falchion
rCold   . . .        (no shield)
rNeg    . . .        b - +0 leather armour
rPois   .            (no helmet)
rElec   .            (no cloak)
rCorr   .            (no gloves)
SInv    .            (no barding)
Will    .....        (no amulet)
Stlth   +            (no ring)
HPRegen 0.24/turn    (no ring)
MPRegen 0.09/turn

%: roll
@: no status effects
A: large, rugged brown scales 3, deformed body, armoured tail, roll, long
tongue, awkward tongue
a: no special abilities


You were on level 1 of the Dungeon.
You visited 1 branch of the dungeon, and saw 1 of its levels.

You collected 12 gold pieces.

Inventory:

Hand Weapons
 a - a +0 falchion (weapon)
Missiles
 d - 7 boomerangs of dispersal (quivered)
Armour
 b - a +0 leather armour (worn)
Scrolls
 c - a scroll of blinking
 f - a scroll of fear {unknown}
Potions
 e - a potion of curing {unknown}
 g - 2 potions of magic {unknown}
 h - a potion of haste {unknown}


   Skills:
 + Level 2.0 Fighting
 + Level 2.0 Long Blades
 - Level 0.8 Throwing
 + Level 1.6 Armour
 + Level 1.5 Dodging
 + Level 1.9 Spellcasting
 + Level 3.1 Translocations


You had 4 spell levels left.
You didn't know any spells.
Your spell library contained the following spells:

 Spells                   Type           Power      Damage    Failure   Level
 Blink                    Tloc           18%        N/A       13%         2
 Lesser Beckoning         Tloc           18%        N/A       13%         2
 Teleport Other           Tloc           9%         N/A       26%         3
 Vhi's Electric Charge    Tloc/Air       10%        N/A       45%         3
 Manifold Assault         Tloc           9%         N/A       65%         4
 Inner Flame              Hex/Fire       1%         N/A       67%         3
 Yara's Violent Unravell  Hex/Tmut       0%         3d3       100%        5
 Enfeeble                 Hex            0%         N/A       100%        7


Dungeon Overview and Level Annotations

Branches:
Dungeon (1/15)

Altars:


Innate Abilities, Weirdness & Mutations

You are completely covered in rugged brown scales. (AC +3, +7% HP)
Armour fits poorly on your strangely shaped body.
You have a long armoured tail.
You roll when moving toward enemies. (Rampage)
Your long tongue fully drains potion bottles. (2x potion effects)
Your tongue gives you trouble enunciating. (1.5x scroll delay)


Message History

The frilled lizard bites you. The goblin hits you but does no damage.
The hobgoblin barely misses you. The goblin hits you with a +0 club.
The frilled lizard misses you.
You hit the goblin.
You kill the goblin!
The frilled lizard bites you but does no damage.
The hobgoblin hits you.
You closely miss the frilled lizard.
The frilled lizard bites you but does no damage.
The hobgoblin hits you.
You closely miss the frilled lizard. The frilled lizard bites you.
The hobgoblin hits you.
You miss the frilled lizard.
Your tail-slap misses the frilled lizard.
The frilled lizard bites you but does no damage.
The hobgoblin barely misses you.
You barely miss the frilled lizard. The hobgoblin barely misses you.
The frilled lizard bites you.
The frilled lizard bites you but does no damage.
The hobgoblin hits you but does no damage.
You miss the frilled lizard.
Your tail-slap misses the frilled lizard.
The frilled lizard bites you.
* * * LOW HITPOINT WARNING * * *
The hobgoblin completely misses you.
You hit the frilled lizard.
The frilled lizard is heavily wounded.
The hobgoblin closely misses you.
The frilled lizard bites you but does no damage.
You barely miss the frilled lizard.
The frilled lizard is heavily wounded.
The frilled lizard bites you but does no damage.
The hobgoblin hits you.
* * * LOW HITPOINT WARNING * * *
You miss the frilled lizard.
Your tail-slap misses the frilled lizard.
The frilled lizard is heavily wounded.
The frilled lizard bites you but does no damage.
The hobgoblin hits you.
You die...

#.# #...#.#...##
### #)#.)...###
###.#...###
+.........# ###
#.####....# ...#
#.........###...#
..####.#.........#
#. ...+.........#
#...#...@l....#
#.###...)g....#
>.............#
.##..#...........
#..#...........
... #...........
## ##+#..#'##..
.....# ..


You could see a hobgoblin and a frilled lizard.

Vanquished Creatures
  A dart slug (D:1)
  2 ball pythons (D:1)
  3 endoplasms (D:1)
  A giant cockroach (D:1)
  3 goblins (D:1)
  A hobgoblin (D:1)
  A bat (D:1)
  A frilled lizard (D:1)
  2 kobolds (D:1)
15 creatures vanquished.

Notes
Turn   | Place    | Note
-------+----------+-------------------------------------------
     0 | D:1      | cheesebisquit the Armataur Warper began the quest for the
                  | Orb.
     0 | D:1      | Reached XP level 1. HP: 18/18 MP: 3/3
   134 | D:1      | Reached XP level 2. HP: 23/25 MP: 4/4
   287 | D:1      | Slain by a hobgoblin

Illustrated notes

Levels and vault maps discovered:
D:1:      minmay_arrival_jagged, layout_basic, serial_bayou_lagoon_a,
          serial_bayou_pond_b

Skill      XL: |  1  2 |
---------------+-------+-----
Long Blades    | 2 |  2.0
Fighting       | 2 |  2.0
Throwing       | |  0.8
Armour         | |  1.6
Dodging        | |  1.5
Spellcasting   | |  1.9
Translocations | |  3.1

Action                     || total
---------------------------++-------
  Melee: Falchion          ||    48
         Tailslap          ||     5
 Armour: Leather armour    ||    27
  Dodge: Dodged            ||    25
